 Dungeon Sprint DCSS version 0.31-a0-521-gc7390f8997 (webtiles) character file.

Game seed: 12980686876571315790

93 rocky1 the Changeling (level 4, -2/42 HPs)
             Began as an Octopode Shapeshifter on Aug 11, 2023.
             Was an Initiate of Gozag.
             Slain by a troll (8 damage)
             ... in the Dungeon (Sprint IX: "|||||||||||||||||||||||||||||").
             The game lasted 00:01:25 (412 turns).

rocky1 the Changeling (Octopode Shapeshifter)        Turns: 412, Time: 00:01:26

Health: -2/42      AC:  3    Str: 14    XL:     4   Next: 62%
Magic:  4/4        EV: 15    Int: 12    God:    Gozag
Gold:   0          SH:  0    Dex: 12    Spells: 3/3 levels left

rFire   . .          .
                       - Unarmed
rCold   . . .        (no shield)
rNeg    . . .        (helmet currently unavailable)
rPois   .            (no amulet)
rElec   .            l - +2 ring of evasion
rCorr   .            m - +2 ring of protection
SInv    .            (no ring)
Will    .....        (no ring) Stlth
                     (no ring)
HPRegen 0.27/turn    (no ring)
MPRegen 0.09/turn    (no ring)
                     (no ring)

%: no teleportation
@: berserking, beast-form, very quick
A: beast (slay +4), almost no armour, amphibious, 8 rings, camouflage 1,
gelatinous body 1, (nimble swimmer 1), tentacles
a: Begin Untransformation, Renounce Religion, Potion Petition, Call Merchant,
Bribe Branch


You were in the Dungeon.
You worshipped Gozag.
Gozag was noncommittal.
You were a hulking beast.
You visited 1 branch

Inventory:

Jewellery
 l - a +2 ring of evasion (left tentacle)
 m - a +2 ring of protection (right tentacle)
Talismans
 b - a beast talisman (active)
 c - a flux talisman
Wands
 k - a wand of roots (10)
Scrolls
 i - 2 scrolls of blinking
 j - 2 scrolls of amnesia
Potions
 a - a potion of invisibility
 d - 5 potions of curing
 e - 3 potions of heal wounds
 f - a potion of haste
 g - 4 potions of magic


   Skills:
 * Level 1.0 Fighting
 + Level 3.0 Dodging
 + Level 1.8 Stealth
 * Level 5.8 Unarmed Combat
 + Level 6.2 Shapeshifting


You had 3 spell levels left.
You didn't know any spells.
Your spell library was empty.

Dungeon Overview and Level Annotations

Branches:
Dungeon (1/1)

Altars:
Cheibriados
Dithmenos
Elyvilon
Fedhas
Gozag
Hepliaklqana
Kikubaaqudgha
Makhleb
Nemelex Xobeh
Okawaru
Qazlal
Ru
Sif Muna
Trog
Uskayaw
Vehumet
Wu Jian
Xom
Yredelemnul
Zin
The Shining One
Jiyva
Lugonu


Innate Abilities, Weirdness & Mutations

You are a hulking beast.
Your limbs bulge with bestial killing power. (Slay +4)
You cannot wear most types of armour.
You are amphibious.
You can wear up to eight rings at the same time.
Your skin changes colour to match your surroundings (Stealth+).
Your rubbery body absorbs attacks. (AC +1, EV +1)
((You are camouflaged when in or above water. (Stealth+)))
You have tentacles for arms and can constrict up to eight enemies at once.


Message History

Found a +2 ring of evasion.
g - 4 potions of magic (gained 2);
a - a potion of invisibility
e - 3 potions of heal wounds (gained 2);
d - 5 potions of curing (gained 4)
Found a +2 ring of protection.
j - 2 scrolls of amnesia;
i - 2 scrolls of blinking (gained 1)
k - a wand of roots (10)
Items here: )))))).
Items here: )))))).
Okay, then.
You see here a +0 helmet.
You see here a +0 pair of gloves.
You see here a +0 plate armour.
l - a +2 ring of evasion
m - a +2 ring of protection
l - a +2 ring of evasion (left tentacle)
m - a +2 ring of protection (right tentacle) Unknown command.
You open the door.
A howler monkey, a yak, an orc wizard, a killer bee, a hornet and a troll come into view.
Unknown command.
A red film seems to cover your vision as you go berserk!
You feel yourself moving faster!
You feel mighty!
The howler monkey howls!
The yak bellows!
The orc wizard shouts!
The killer bee buzzes angrily.
The hornet buzzes angrily.
You barely miss the troll. Your squeeze misses the troll.
You bludgeon the troll! You squeeze the troll!
The troll is severely wounded.
The troll closely misses you. The troll claws you! x2
You bludgeon the troll! Your squeeze misses the troll.
The troll is almost dead.
You closely miss the troll.
The troll is almost dead.
The orc wizard gestures wildly while chanting.
The orc wizard flickers and vanishes!
Deactivating autopickup; reactivate with Ctrl-A.
The troll bites you!
* * * LOW HITPOINT WARNING * * *
The troll claws you!
You die...
Your body crumbles into a pile of gold. $$$$$ $ $ $ $$$$$ $$$$$$ $ $ $ ▓▓▓▓▓▓▓▓▓▓▓▓▓▓▓▓▓▓▓▓▓▓▓▓ .hY{yyTh.[[[.)..'_______ ▓▓▓▓▓▓▓▓▓▓▓▓▓▓▓▓▓▓▓▓▓▓▓▓

You could see a yak, a troll, a hornet, a howler monkey and a killer bee.

Vanquished Creatures
  A jelly (D)
  A sleepcap (D)
  An iguana (D)
  A dart slug (D)
  An orc (D)
  A bat (D)
  An endoplasm (D)
  A frilled lizard (D)
  2 rats (D)
10 creatures vanquished.

Notes
Turn   | Place    | Note
-------+----------+-------------------------------------------
     0 | D        | rocky1 the Octopode Shapeshifter began the quest for the
                  | Orb.
     0 | D        | Reached XP level 1. HP: 13/13 MP: 1/1
     5 | D        | Banished a spatial maelstrom
    20 | D        | Noticed a jelly
    20 | D        | Noticed a sleepcap
    20 | D        | Noticed an iguana
    30 | D        | Reached skill level 4 in Shapeshifting
    30 | D        | Reached XP level 2. HP: 18/18 MP: 2/2
    31 | D        | Reached skill level 1 in Stealth
    31 | D        | Reached skill level 5 in Shapeshifting
    31 | D        | Reached XP level 3. HP: 23/23 MP: 3/3
    36 | D        | Reached skill level 5 in Unarmed Combat
    36 | D        | Reached XP level 4. HP: 28/28 MP: 4/4
    39 | D        | Reached skill level 6 in Shapeshifting
   346 | D        | Found a snail-covered altar of Cheibriados.
   346 | D        | Found a shadowy altar of Dithmenos.
   346 | D        | Found a white marble altar of Elyvilon.
   346 | D        | Found a blossoming altar of Fedhas.
   346 | D        | Found an opulent altar of Gozag.
   347 | D        | Found a hazy altar of Hepliaklqana.
   348 | D        | Found a viscous altar of Jiyva.
   349 | D        | Found an ancient bone altar of Kikubaaqudgha.
   350 | D        | Found a corrupted altar of Lugonu.
   351 | D        | Found a burning altar of Makhleb.
   352 | D        | Found a sparkling altar of Nemelex Xobeh.
   353 | D        | Found an iron altar of Okawaru.
   354 | D        | Found a stormy altar of Qazlal.
   355 | D        | Found a sacrificial altar of Ru.
   356 | D        | Found a shimmering blue altar of Sif Muna.
   357 | D        | Found a bloodstained altar of Trog.
   358 | D        | Found a hide-covered altar of Uskayaw.
   359 | D        | Found a radiant altar of Vehumet.
   368 | D        | Became a worshipper of Gozag Ym Sagoz the Greedy
   375 | D        | Found an ornate altar of the Wu Jian Council.
   376 | D        | Found a shimmering altar of Xom.
   377 | D        | Found a basalt altar of Yredelemnul.
   378 | D        | Found a glowing silver altar of Zin.
   379 | D        | Found a glowing golden altar of the Shining One.
   407 | D        | Noticed a yak
   407 | D        | Noticed a hornet
   407 | D        | Noticed a troll
   412 | D        | Slain by a troll

Illustrated notes

Levels and vault maps discovered:
D:        linesprint [early_d, line_temple, items_1, d_10, items_2, lair_1,
          lair_end, items_3, orc_1, orc_end, items_4, d_15, swamp_1, shoals_1,
          snake_1, spider_1, d_20, vaults_1, items_5, swamp_end, shoals_end,
          snake_end, spider_end, vaults_end, d_27, items_6, zot_1, zot_end,
          crypt_end, forest_end, elf_end, slime_end, tomb_end, abyss_end,
          pan_hell_end]

Skill      XL: |  1  2  3  4 |
---------------+-------------+-----
Shapeshifting  | 4 5 6 |  6.2
Stealth        | 1 |  1.8
Unarmed Combat | 4 5 |  5.8
Dodging        | 3 |  3.0
Fighting       | |  1.0

Action                     |  1- 3 |  4- 6 || total
---------------------------+-------+-------++-------
  Melee: Unarmed           |    23 |     8 ||    31
         Constrict         |     2 |       ||     2
         Punch             |     1 |       ||     1
         Tentacles         |       |     1 ||     1
    Use: Potion            |     1 |     1 ||     2
   Stab: Sleeping          |     1 |       ||     1
 Armour: Skin              |    10 |     1 ||    11
  Dodge: Dodged            |     4 |     2 ||     6

Table legend: (Time is in decaauts)
 A = Elapsed time spent in this place.
 B = Non-inter-level travel time spent in this place.
 C = Inter-level travel time spent in this place.
 D = Time resting spent in this place.
 E = Time spent auto-exploring this place.
 F = Levels seen in this place.
 G = Mean time per level.
                   A        B        C        D        E       F      G
               +--------+--------+--------+--------+--------+-----+--------+
         Total |    407 |    407 |      0 |    301 |      0 |   1 |  407.0 |
       Dungeon |    407 |    407 |      0 |    301 |      0 |   1 |  407.0 |
               +--------+--------+--------+--------+--------+-----+--------+

Top non-repeatable levels by time:
       D: 407 daAuts
